 Dungeon Crawl Stone Soup version 0.29.0-13-gc9e81de378 (webtiles) character file.

Game seed: 16165089217948053124

15 xian the Vexing (level 2, 0/21 HPs)
             Began as a Merfolk Arcane Marksman on Sept 10, 2022.
             Slain by a rat (1 damage)
             ... on level 1 of the Dungeon on Sept 11, 2022.
             The game lasted 00:04:18 (113 turns).

xian the Vexing (Merfolk Arcane Marksman)            Turns: 113, Time: 00:04:20

Health: 0/21       AC:  2    Str: 10    XL:     2   Next: 50%
Magic:  3/3        EV: 12    Int: 12    God:
Gold:   4          SH:  0    Dex: 14    Spells: 2/3 levels left

rFire   . . .      SeeInvis .   a - +1 sling
rCold   . . .      Faith    .   (no shield)
rNeg    . . .      Spirit   .   c - +0 robe
rPois   .          Reflect  .   (no helmet)
rElec   .          Harm     .   (no cloak)
rCorr   .          Rampage  .   (no gloves)
Will    .....                   (no boots)
Stlth   +.........              (no amulet)
HPRegen 0.07/turn               (no ring)
MPRegen 0.08/turn               (no ring)

@: no status effects
A: (nimble swimmer 2), mertail
a: no special abilities


You were on level 1 of the Dungeon.
You visited 1 branch of the dungeon, and saw 1 of its levels.

You collected 4 gold pieces.

Inventory:

Hand Weapons
 a - a +1 sling (weapon)
Armour
 c - a +0 robe (worn)
Scrolls
 b - a scroll of poison
 e - a scroll of fear {unknown}
Potions
 d - a potion of mutation {unknown}


   Skills:
 + Level 1.1 Fighting
 + Level 1.9 Ranged Weapons
 + Level 2.8 Dodging
 + Level 1.0 Spellcasting
 + Level 3.4 Hexes


You had 2 spell levels left.
You knew the following spells:

 Your Spells              Type           Power      Damage    Failure   Level
a - Slow                  Hex            32%        N/A       8%          1

Your spell library contained the following spells:

 Spells                   Type           Power      Damage    Failure   Level
 Inner Flame              Hex/Fire       4%         N/A       41%         3
 Portal Projectile        Hex/Tloc       8%         N/A       41%         3
 Cause Fear               Hex            4%         N/A       58%         4


Dungeon Overview and Level Annotations

Branches:
Dungeon (1/15)

Altars:


Innate Abilities, Weirdness & Mutations

((You are very nimble when in or above water. (Stealth+, EV+, Speed+++)))
Your lower body shifts to a powerful aquatic tail in water.


Message History

Press: ? - help, Q - select action, (/) - cycle Shift-Dir - straight line, f/p - dart slug
Aim: a dart slug (almost dead, 93% to hit)
You shoot a sling bullet. The sling bullet hits the dart slug!
You kill the dart slug!
The giant cockroach bites you but does no damage.
The rat closely misses you. The giant cockroach barely misses you.
Fire: a) +1 sling
Press: ? - help, Q - select action, (/) - cycle Shift-Dir - straight line, f - rat
Aim: a rat (56% to hit)
You shoot a sling bullet. The sling bullet barely misses the rat.
The rat twitches its whiskers.
The rat bites you but does no damage. The giant cockroach barely misses you.
The rat bites you but does no damage.
Fire: a) +1 sling
Press: ? - help, Q - select action, (/) - cycle Shift-Dir - straight line, f/p - rat
Aim: a rat (56% to hit)
You shoot a sling bullet.
The sling bullet closely misses the rat.
The giant cockroach bites you but does no damage.
The rat completely misses you. The giant cockroach closely misses you.
Fire: a) +1 sling
Press: ? - help, Q - select action, (/) - cycle Shift-Dir - straight line, f/p - rat
Aim: a rat (56% to hit)
You shoot a sling bullet. The sling bullet barely misses the rat.
The giant cockroach completely misses you.
The rat completely misses you.
Fire: a) +1 sling
Press: ? - help, Q - select action, (/) - cycle Shift-Dir - straight line, f/p - rat
Aim: a rat (56% to hit)
You shoot a sling bullet.
The sling bullet closely misses the rat.
The giant cockroach bites you but does no damage.
The rat misses you. The giant cockroach closely misses you.
Fire: a) +1 sling
Press: ? - help, Q - select action, (/) - cycle Shift-Dir - straight line, f/p - rat
Aim: a rat (56% to hit)
You shoot a sling bullet.
The sling bullet hits the rat but does no damage.
The rat bites you.
You die...

+.#............# .....
+.##.......<...##......
+++...................... .
.........#..P.P..#.........
.......#.#.P#~#..#?........
.....).....##~##.#.#.......
......†....~~~~~...........
...........##~##Br!##......
...........P#~#P@)..)......
.......#....P.P..#.#†......
......##.........#.#)......
...................#.......
........####..######....$..
........# #### .......
........# ....... ........#
(...... ........#


You could see a giant cockroach and a rat.

Vanquished Creatures
  A dart slug (D:1)
  An endoplasm (D:1)
  A giant cockroach (D:1)
  A hobgoblin (D:1)
  A bat (D:1)
  5 kobolds (D:1)
  3 rats (D:1)
13 creatures vanquished.

Vanquished Creatures (others)
  A plant (D:1)
1 creature vanquished.

Grand Total: 14 creatures vanquished

Notes
Turn   | Place    | Note
-------+----------+-------------------------------------------
     0 | D:1      | xian the Merfolk Arcane Marksman began the quest for the
                  | Orb.
     0 | D:1      | Reached XP level 1. HP: 15/15 MP: 2/2
    90 | D:1      | Reached XP level 2. HP: 20/21 MP: 3/3
   107 | D:1      | HP: 1/21 [dart slug (2)]
   113 | D:1      | Slain by a rat

Illustrated notes

Levels and vault maps discovered:
D:1:      eino_arrival_water_cross, layout_rooms,
          hellmonk_ecumenical_altar_heavens_door

Action                   || total
-------------------------++-------
 Fire: Sling             ||    37
Armor: Robe              ||     7
Dodge: Dodged            ||    22
